Workbook
Name Decision: [1]lista!$A$6:$A$7
Name PARTICIPACION: [1]lista!$A$15:$A$17
Name Procedencia: [1]lista!$A$2:$A$3
Name tipo: [1]lista!$A$11:$A$13
Name x: [2]lista!$A$11:$A$13

Sheet INFO GENERAL Y FINANCIERA
B8: Formato Información General Y Financiera De Proveedores
B10: Ciudad | M10: Fecha Dd/mm/aa | AD10: Persona Natural
AD11: Persona Jurídica
B12: 1. Información General
B13: 1.1. Identificación.
B14: Personas naturales | F14: Nombre Comercial | U14: Nombres y Apellidos | AK14: Cédula
B16: Personas jurídicas | F16: Razón Social | U16: NIT | AK16: DV
B18: Dirección | U18: Teléfono | AD18: Fax | AK18: Ciudad
B20: Pagina Web | U20: Años de Constitución | AD20: Sector al que pertenece
B22: 1.2. Personas De Contacto
B23: Gerente General | K23: E-mail | U23: Teléfono | AD23: Ext. | AK23: Celular
B25: Director Comercial | K25: E-mail | U25: Teléfono | AD25: Ext. | AK25: Celular
B27: Asesor Comercial | K27: E-mail | U27: Teléfono | AD27: Ext. | AK27: Celular
B29: 1.3. Productos Y Servicios Inscritos En El Rup De Acuerdo Con El Unspsc
B30: Incluir Listado Con Breve Descripción De Los Productos Y/o Servicios Que Ofrece La Compañía, Registrados En El Rup (agregue Las Filas Necesarias) | AK30: Código de Naciones Unidas
B36: 1.4. Códigos CIIU | AK36: 1.5. Número De Empleados
B37: Código De Actividad | F37: Descripción Actividad Económica CIIU | AD37: Tarifa ICA
B41: 2. Información Financiera - A Diciembre 31 De 2012
B42: Nombre Del Indicador | M42: Cuenta | U42: Valores En Pesos | AD42: Indicador
B43: Capacidad Financiera | F43: índice De Liquidez | M43: Activo Corriente --> | AD43: =+IFERROR(U43/U44,0) -> 0 | AK43: Veces
M44: Pasivo Corriente -->
F45: Índice De Endeudamiento | M45: Pasivo Total--> | AD45: =+IFERROR(U45/U46,0) -> 0 | AK45: Porcentaje
M46: Activo Total-->
F47: Razón De Cobertura De Intereses | M47: Utilidad Operacional--> | AD47: =+IFERROR(U47/U48,0) -> 0 | AK47: Veces
M48: Gastos De Interés-->
B49: Capacidad Organizacional | F49: Rentabilidad Del Patrimonio | M49: Utilidad Operacional--> | AD49: =+IFERROR(U49/U50,0) -> 0 | AK49: Porcentaje
M50: Patrimonio-->
F51: Rentabilidad Del Activo | M51: Utilidad Operacional--> | AD51: =+IFERROR(U51/U52,0) -> 0 | AK51: Porcentaje
M52: Activo Total-->
B53: Nota: Para las empresas inspeccionadas, vigiladas o controladas por la Supersociedades, la información consignada en este numeral será validada con la reportada a la Supersociedades y disponible para consulta en Internet mediante el Sistema de Información y Riesgo Empresarial de la Supersociedades (SIREM). Si se evidencian diferencias en los valores consignados en este formato y los reportados a la Supersociedades se tomará como referencia la información del SIREM.
B54: Otra información relevante de la empresa (consigne en este espacio otra información que considere de interés)

Sheet MANTENIMIENTO RACKS
B10: COTIZACIÓN- RACKS
B13: EMPRESA: | E13: NIT: | H13: FECHA:
B14: CONTACTO | E14: CARGO: | H14: TEL. CELULAR :
B15: E-MAIL: | E15: DIRECCIÓN: | H15: TELEFONO FIJO:
B17: Instrucciones para el diligenciamiento del formato de cotización
B18: • Por favor diligenciar solo las celdas en AMARILLO. Se deben llenar todas las casillas. • Revisar todos los requerimientos que se exponen en el documento "Ficha de Condiciones Técnicas" y Anexos; y formular su cotización en concordancia con este. • Asignar precio sin incluir el IVA en las celda de la columna "G" para los elementos 1,2 y 3 y en la columna F" para el elemento 4 y asignar la tarifa de IVA que corresponda en las celdas de la columna "F" para los elementos 1, 2 y 3 y en la columna "H" para el elemento 4. • El valor de la cotización deber ser expresado en PESOS COLOMBIANOS. • Los valores unitarios deberán aproximarse por exceso o por defecto al entero más cercano. Si la cifra no está aproximada y aparece con centavos, el ICBF aproximará al entero inferior. • No modificar, agregar o quitar ningún ítem o sub-ítem.
B20: 1. Suministro de herramientas
B21: Elemento | E21: Cantidad | F21: Tárifa IVA | G21: Valor unitario sin IVA | H21: Valor unitario IVA inlcuido | I21: Valor total sin IVA | J21: Valor total IVA inlcuido
B22: 1 | C22: Generador de tonos | E22: 1 | H22: =+ROUND(G22*(1+F22),0) -> 0 | I22: =+G22*E22 -> 0 | J22: =+H22*E22 -> 0
B23: 2 | C23: Pinza ponchadora para conector RJ45 | E23: 1 | H23: =+ROUND(G23*(1+F23),0) -> 0 | I23: =+G23*E23 -> 0 | J23: =+H23*E23 -> 0
B24: 3 | C24: Caja o carrete de cable F/UTP CAT6A de 305 metros | E24: 1 | H24: =+ROUND(G24*(1+F24),0) -> 0 | I24: =+G24*E24 -> 0 | J24: =+H24*E24 -> 0
B25: 4 | C25: Bolsas de plug conector RJ45 categoria 6A de 100 unidades cada una | E25: 2 | H25: =+ROUND(G25*(1+F25),0) -> 0 | I25: =+G25*E25 -> 0 | J25: =+H25*E25 -> 0
B26: Total herramientas | I26: =SUM(I22:I25) -> 0 | J26: =SUM(J22:J25) -> 0
B28: 2. Compra, Instalación y montaje de nuevos racks
B29: Elemento | E29: Cantidad | F29: Tárifa IVA | G29: Valor unitario sin IVA | H29: Valor unitario IVA inlcuido | I29: Valor total sin IVA | J29: Valor total IVA inlcuido
B30: 5 | C30: Racks grandes (De conformidad con lo establecido en la Ficha de Condiciones Técnicas) | E30: 5 | H30: =+ROUND(G30*(1+F30),0) -> 0 | I30: =+G30*E30 -> 0 | J30: =+H30*E30 -> 0
B31: 6 | C31: Racks pequeños (De conformidad con lo establecido en la Ficha de Condiciones Técnicas) | E31: 1 | H31: =+ROUND(G31*(1+F31),0) -> 0 | I31: =+G31*E31 -> 0 | J31: =+H31*E31 -> 0
B32: Total Racks | E32: =+E30+E31 -> 6 | I32: =SUM(I30:I31) -> 0 | J32: =SUM(J30:J31) -> 0
B34: 3. Compra e Instalación de cerraduras y puntos de red
B35: Elemento | E35: Cantidad | F35: Tárifa IVA | G35: Valor unitario sin IVA | H35: Valor unitario IVA inlcuido | I35: Valor total sin IVA | J35: Valor total IVA inlcuido
B36: 7 | C36: Cambio de cerraduras de las puertas de los cuartos de los Racks | E36: 10 | H36: =+ROUND(G36*(1+F36),0) -> 0 | I36: =+G36*E36 -> 0 | J36: =+H36*E36 -> 0
B37: 8 | C37: Instalación de puntos de red | E37: 120 | H37: =+ROUND(G37*(1+F37),0) -> 0 | I37: =+G37*E37 -> 0 | J37: =+H37*E37 -> 0
B38: Total cerraduras y puntos de red | I38: =SUM(I36:I37) -> 0 | J38: =SUM(J36:J37) -> 0
B40: 4. Servicio de Mantenimiento correctivo y preventivo
B41: Elemento | H41: Tárifa IVA | I41: Valor globlal sin IVA | J41: Valor globlal IVA incluido
B42: 9 | C42: Servicio de mantenimiento correctivo en los cuartos de Racks y planta telefónica (De conformidad con lo establecido en la Ficha de Condiciones Técnicas) | J42: =+ROUND(I42*(1+H42),0) -> 0
B43: 10 | C43: Servicio de mantenimiento preventivo en los cuartos de Racks y planta telefónica (De conformidad con lo establecido en la Ficha de Condiciones Técnicas-técnico en mantenimiento en redes) | J43: =+ROUND(I43*(1+H43),0) -> 0
B44: Total mantenimientos | J44: =SUM(J42:J43) -> 0
B46: Total proyecto | J46: =+J26+J32+J38+J44 -> 0
B48: La presente cotización:
B49: • Incluye todos los costos y gastos directos e indirectos en que debe incurrir el contratista durante la ejecución del contrato de acuerdo con las especificaciones de la Ficha de Condiciones Técnicas, las obligaciones tributarias de acuerdo con las normas aplicables para el tipo de servicio y contrato correspondiente, y los costos de las pólizas. • Se remite como parte del estudio de mercado, previo a la contratación, y no implica ninguna obligación de contratar. • Tiene una vigencia de 90 días a partir de la fecha de diligenciamiento.
B50: Inscripción en el Registro Único de Proponentes: Las personas naturales y jurídicas, nacionales o extranjeras, con domicilio en Colombia, interesadas en participar en procesos de contratación convocados por las entidades estatales, deben estar inscritas en el RUP, salvo las excepciones previstas de forma taxativa en la ley (Artículo 8 del Decreto 1510 de 2013). Se aclara que esta inscripción no se requiere para remitir cotización durante el estudio de mercado.

Sheet POLIZAS
B9: CONCEPTOS A TENER EN CUENTA PARA REALIZAR LA COTIZACIÓN DE DOTACIÓN INDUSTRIAL
B12: El presente cuadro es de carácter informativo, no se debe diligenciar. Sin embargo se entiende que la cotización incluye la totalidad de los conceptos relacionados a continuación.
B14: POLIZAS PARA LEGALIZACIÓN DEL CONTRATO
B16: CONCEPTO | D16: COBERTURA | E16: PLAZO (En Meses)
B17: Garantía de Seriedad de la oferta | D17: 0.1 | E17: Plazo de Ejecución
B18: Cumplimiento | D18: 0.2 | E18: Plazo de ejecución + 4 meses mas
B19: Salarios, Prestaciones | D19: 0.1 | E19: Plazo de ejecución + 36 meses mas
B20: Calidad de los Servicios | D20: 0.2 | E20: Plazo de ejecución + 4 meses mas
B21: Responsabilidad civil extracontraactual | D21: 0.1 | E21: Plazo de Ejecución
B22: Cobertura: Corresponde al porcentaje del valor total del contrato a amparar.

Sheet INFO EXPERIENCIA
B8: EXPERIENCIA EN CONTRATACION EN LOS ULTIMOS 5 AÑOS
B9: EXPERIENCIA EN CONTRATACIÓN EN LOS ÚLTIMOS 5 AÑOS
B11: Empresa: | C11: =IF('MANTENIMIENTO RACKS'!D13="","",'MANTENIMIENTO RACKS'!D13) | F11: Nit: | G11: =IF('MANTENIMIENTO RACKS'!F13="","",'MANTENIMIENTO RACKS'!F13) | I11: Fecha: | J11: =IF('MANTENIMIENTO RACKS'!I13="","",'MANTENIMIENTO RACKS'!I13)
B12: Contacto: | C12: =IF('MANTENIMIENTO RACKS'!D14="","",'MANTENIMIENTO RACKS'!D14) | F12: Cargo: | G12: =IF('MANTENIMIENTO RACKS'!F14="","",'MANTENIMIENTO RACKS'!F14) | I12: Tel. celular: | J12: =IF('MANTENIMIENTO RACKS'!I14="","",'MANTENIMIENTO RACKS'!I14)
B13: E-Mail: | C13: =IF('MANTENIMIENTO RACKS'!D15="","",'MANTENIMIENTO RACKS'!D15) | F13: Dirección: | G13: =IF('MANTENIMIENTO RACKS'!F15="","",'MANTENIMIENTO RACKS'!F15) | I13: Tel. fijo: | J13: =IF('MANTENIMIENTO RACKS'!I15="","",'MANTENIMIENTO RACKS'!I15)
B15: Con el fin de conocer la experiencia con la que cuentan las empresas del sector relacionada con el objeto del presente estudio de mercado, agradecemos diligenciar el cuadro que sigue con base en los contratos suscritos en los últimos 5 años, cuyos objetos están relacionados con el objeto del presente estudio de mercado
B17: Tipo de entidad | C17: Entidad o Empresa | D17: Numero del contrato | E17: Objeto del contrato | F17: Fecha de suscripción (dd/mmm/aa) | G17: Plazo de ejecución (en años) | H17: Forma de participación (UT, consorcio, individual) | I17: % de participación | J17: Valor total ejecutado del contrato (de acuerdo con el % de participación)
B29: Nota: Agregar las filas necesarias para reportar la experiencia
